 Dungeon Crawl Stone Soup version 0.23.2-1-ga50397a (webtiles) character file.

Game seed: 10220753211970051820

113 troglodite the Slasher (level 4, -11/37 HPs)
             Began as a Draconian Gladiator on May 16, 2019.
             Killed from afar by Ijyb (21 damage)
             ... with a wand of acid (8)
             ... on level 3 of the Dungeon.
             The game lasted 00:07:10 (1866 turns).

troglodite the Slasher (Draconian Gladiator)        Turns: 1866, Time: 00:07:10

Health: -11/37     AC:  8    Str: 17    XL:     4   Next: 65%
Magic:  4/4        EV: 14    Int:  8    God:
Gold:   117        SH:  0    Dex: 16    Spells: 3/3 levels left

rFire    . . .     SeeInvis .   a - +0 long sword
rCold    . . .     Gourm    .   (no shield)
rNeg     . . .     Faith    .   (armour unavailable)
rPois    .         Spirit   .   b - +0 hat
rElec    .         Reflect  .   t - +2 cloak
rCorr    .         Harm     .   (no gloves)
MR       .....                  (no boots)
Stlth    +.........             (no amulet)
HPRegen  0.12/turn              j - +3 ring of dexterity
MPRegen  0.09/turn              e - +1 ring of slaying

@: lightly drained
A: unfitting armour, cold-blooded, AC +5
a: no special abilities


You were on level 3 of the Dungeon.
You were not hungry.

You visited 1 branch of the dungeon, and saw 3 of its levels.

You collected 117 gold pieces.

Inventory:

Hand Weapons
 a - a +0 long sword (weapon)
Missiles
 c - 3 throwing nets (quivered)
Armour
 b - a +0 hat (worn)
 t - a +2 cloak (worn)
Jewellery
 e - a +1 ring of slaying (right hand)
 j - a +3 ring of dexterity (left hand)
 k - an uncursed ring of wizardry
Scrolls
 l - a scroll of blinking {unknown}
 m - a scroll of enchant armour {unknown}
 r - a scroll of fear {unknown}
Potions
 f - a potion of heal wounds {unknown}
 g - a potion of curing {unknown}
 h - a potion of degeneration {unknown}
 i - a potion of berserk rage {unknown}
 o - a potion of flight {unknown}
 q - a potion of brilliance {unknown}
 s - a potion of ambrosia {unknown}
Comestibles
 d - 6 rations


   Skills:
 * Level 2.7(2.6) Fighting
 * Level 4.5(4.4) Long Blades
 + Level 1.9(1.8) Throwing
 * Level 3.4(3.3) Dodging
 + Level 0.1(0.0) Stealth


You had 3 spell levels left.
You didn't know any spells.
Your spell library was empty.

Dungeon Overview and Level Annotations

Branches:
Dungeon (3/15)

Altars:
Qazlal

Annotations:
D:2 2 transporters
D:3 Ijyb


Innate Abilities, Weirdness & Mutations

Your plain brown scales are hard. (AC +5)
You cannot fit into any form of body armour.
You are cold-blooded and may be slowed by cold attacks.


Message History

Ijyb shouts!
The kobold shouts!
The worm bites you but does no damage.
You slash the worm!
The worm is moderately wounded.
The worm bites you but does no damage.
You slash the worm! You tail-slap the worm.
The worm is almost dead.
The kobold hits you but does no damage.
You hit the worm but do no damage. You tail-slap the worm.
You kill the worm!
The kobold misses you.
You riposte.
You hit the kobold.
You kill the kobold!
Ijyb zaps a wand.
The bolt of acid hits you!
You are splashed with acid!
* * * LOW HITPOINT WARNING * * *
Things that are here:
a +0 short sword; a kobold corpse You are too injured to fight recklessly!
Ijyb zaps a wand.
The bolt of acid hits you!!
Ouch! That really hurt!
You die...

..# ########.#
.....g.†.# ##).#
#...#######
#g.........
###...#######
##.##...#...#
#....@#####.#
#.#.##...#...# ..
##.###.#.### .#
##......######
.###.####.......#
.#..# #.#####.#
#.#.# #.#
#.#.####.#
#####.....#..#


You could see Ijyb.

Vanquished Creatures
  Crazy Yiuf (D:2)
  A gnoll (D:1)
  3 adders (D:2)
  4 worms
  2 giant cockroaches
  3 goblins
  3 hobgoblins
  7 jackals (D:1)
  A ball python (D:2)
  A bat (D:2)
  A frilled lizard (D:2)
  6 kobolds
  7 rats
  2 fungi (D:2)
42 creatures vanquished.

Notes
Turn   | Place    | Note
-------+----------+-------------------------------------------
     0 | D:1      | troglodite the Draconian Gladiator began the quest for the
                  | Orb.
     0 | D:1      | Reached XP level 1. HP: 17/17 MP: 1/1
   163 | D:1      | Reached XP level 2. HP: 16/24 MP: 2/2
   508 | D:1      | Reached XP level 3. HP: 29/30 MP: 3/3
   917 | D:2      | Reached skill level 4 in Long Blades
  1164 | D:2      | Noticed an ogre
  1165 | D:2      | Found a transporter.
  1165 | D:2      | Found a stormy altar of Qazlal.
  1165 | D:2      | Noticed an orc warrior
  1169 | D:2      | Found a transporter.
  1437 | D:2      | Reached XP level 4. HP: 37/37 MP: 4/4
  1551 | D:2      | Found a runed translucent door.
  1552 | D:2      | Noticed Crazy Yiuf
  1581 | D:2      | Killed Crazy Yiuf
  1857 | D:3      | Noticed Ijyb
  1866 | D:3      | Killed from afar by Ijyb

Skill      XL: |  1  2  3 |
---------------+----------+-----
Dodging        | 3 |  3.4
Long Blades    | 4 |  4.5
Fighting       | |  2.7
Throwing       | |  1.9
Stealth        | |  0.1

Action                   |  1- 3 |  4- 6 || total
-------------------------+-------+-------++-------
Melee: Long sword        |    80 |    36 ||   116
       Tailslap          |    14 |    12 ||    26
  Use: Scroll            |       |     2 ||     2
 Stab: Sleeping          |     1 |       ||     1
  Eat: Chunk             |     2 |     1 ||     3
Armor: Skin              |    26 |     5 ||    31
Dodge: Dodged            |    68 |    13 ||    81
       Rpst.: Long sword |    26 |     6 ||    32
